[Event "Titled Tuesday Blitz April 4 Late 2023"]
[White "Yanayt, Eugene"]
[Black "ritanovikova"]
[WhiteFideId "2020165"]
[WhiteElo "2083"]
[BlackElo "2219"]
[Result "1-0"]
[Round "06"]
[TimeControl "180+2"]
[Date "2023.04.04"]
[WhiteClock "0:00:22"]
[BlackClock "0:00:09"]

1. d4 d5 2. c4 dxc4 3. Nf3 Nf6 4. g3 c5 5. Bg2 Nc6 6. Qa4 Qa5+ 7. Qxa5 Nxa5 8. dxc5 e6 9. Bd2 Nc6 10. Na3 Bxc5 11. Nxc4 O-O 12. O-O Nd4 13. Nxd4 Bxd4 14. Bb4 Rd8 15. Rad1 Rd7 16. Nd6 e5 17. Nxc8 Rxc8 18. Bh3 Rdc7 19. Bxc8 Rxc8 20. Bc3 Bxc3 21. bxc3 g6 22. Rd3 e4 23. Rd6 Kg7 24. Rb1 b6 25. Rb3 e3 26. f3 Rc4 27. Rd3 Ra4 28. a3 h5 29. Rxe3 h4 30. Rd3 hxg3 31. hxg3 Nh5 32. Kf2 Ra5 33. c4 Rc5 34. Rbc3 Nf6 35. e4 g5 36. Ke3 g4 37. f4 Nh5 38. Kd4 Rc8 39. e5 Rd8+ 40. Ke4 Re8 41. Kf5 Kf8 42. Kxg4 Ng7 43. Rc1 Re6 44. Rcd1 Rg6+ 45. Kf3 Nf5 46. Rd8+ Kg7 47. Rg1 Nh4+ 48. Kf2 Nf5 49. Rd7 Nh6 50. Rg2 Ng4+ 51. Kf3 Nh6 52. g4 Kf8 53. f5 Rc6 54. f6 Kg8 55. Rh2 Kh7 56. Rxf7+ Kg6 57. Rg7# 1-0


[Site "https://www.chess.com"]

[Event "Titled Tuesday Blitz April 4 Late 2023"]
[White "Srdanovic, Jovana"]
[Black "ArchibaldCerveza29"]
[WhiteFideId "954810"]
[WhiteElo "2145"]
[BlackElo "2414"]
[Result "0-1"]
[Round "06"]
[TimeControl "180+2"]
[Date "2023.04.04"]
[WhiteClock "0:00:15"]
[BlackClock "0:00:06"]

1. d4 d5 2. c4 e6 3. Nf3 Nf6 4. Nc3 c6 5. Bg5 Nbd7 6. cxd5 exd5 7. e3 h6 8. Bh4 Bd6 9. Bd3 O-O 10. Qc2 Re8 11. O-O Nf8 12. Rab1 a6 13. Bg3 Bxg3 14. hxg3 Ne6 15. b4 Ng5 16. Nxg5 hxg5 17. Bf5 Ne4 18. Bxc8 Qxc8 19. Nxe4 Rxe4 20. a4 Re6 21. b5 axb5 22. axb5 Rh6 23. bxc6 bxc6 24. Rb6 g4 25. Rc1 Ra6 26. Rxa6 Qxa6 27. Qc5 Rf6 28. Qc2 Qa5 29. Rb1 g5 30. Rb8+ Kg7 31. Rb1 Qa8 32. Qe2 Qc8 33. e4 Re6 34. Qxg4 dxe4 35. Qxg5+ Kf8 36. Qf4 Qd7 37. Rb8+ Kg7 38. Qg4+ Kf6 39. Qh4+ Kf5 40. Qf4+ Kg6 41. Rg8+ Kh7 42. Rg4 Rh6 43. Qxe4+ f5 44. Qd3 Qe6 45. Rf4 Qe1+ 46. Qf1 Rh1+ 47. Kxh1 Qxf1+ 48. Kh2 Kg6 49. f3 Qe1 50. Rh4 Qf2 51. Rf4 Qe3 52. Rh4 Kg5 53. Rh8 Qxd4 54. Rh4 Qf2 55. f4+ Kf6 56. Rh6+ Ke7 57. Rxc6 Kd7 58. Rh6 Qe1 59. Rh5 Ke6 60. Rh6+ Kd5 61. Rh5 Ke4 62. Rg5 Ke3 63. Rh5 Kf2 64. Rxf5 Qg1+ 65. Kh3 Qxg2+ 66. Kg4 Qxg3+ 67. Kh5 Kf3 68. Rf7 Qh3+ 69. Kg6 Qg4+ 70. Kf6 Kxf4 71. Ke7+ Ke5 72. Kf8 Qc8+ 73. Kg7 Qg4+ 74. Kf8 Ke6 75. Re7+ Kd6 76. Rf7 Qg6 77. Ke8 Ke6 78. Kd8 Qxf7 0-1


[Site "https://www.chess.com"]

[Event "Titled Tuesday Blitz April 4 Late 2023"]
[White "Kornyukov, Alexey"]
[Black "KorolDimitriy75"]
[WhiteFideId "4150457"]
[WhiteElo "2352"]
[BlackElo "2397"]
[Result "1-0"]
[Round "06"]
[TimeControl "180+2"]
[Date "2023.04.04"]
[WhiteClock "0:00:26"]
[BlackClock "0:00:03"]

1. d4 Nf6 2. c4 c5 3. d5 b5 4. cxb5 a6 5. e3 axb5 6. Bxb5 Qa5+ 7. Nc3 Bb7 8. Ne2 Nxd5 9. O-O Nf6 10. Qd3 e6 11. e4 Be7 12. Bg5 Nc6 13. Rfd1 O-O 14. Qg3 d6 15. Rxd6 Bxd6 16. Qxd6 Qd8 17. Qg3 Nd4 18. e5 1-0


[Site "https://www.chess.com"]

[Event "Titled Tuesday Blitz April 4 Late 2023"]
[White "Celestino, Rafael Teixeira"]
[Black "Barria Santos, Jose Guilherme"]
[WhiteFideId "2108925"]
[BlackFideId "1939300"]
[WhiteElo "2372"]
[BlackElo "2266"]
[Result "1-0"]
[Round "06"]
[TimeControl "180+2"]
[Date "2023.04.04"]
[WhiteClock "0:00:05"]
[BlackClock "0:00:14"]

1. e4 c5 2. Nf3 d6 3. d4 cxd4 4. Nxd4 Nf6 5. Nc3 a6 6. Bg5 e6 7. Be2 Be7 8. O-O O-O 9. Qd2 Nc6 10. Rad1 Bd7 11. Rfe1 Rc8 12. Kh1 b5 13. a3 Qb6 14. Nxc6 Rxc6 15. e5 dxe5 16. Bxf6 Rd6 17. Bxe7 Rxd2 18. Rxd2 Qxf2 19. Rf1 Qe3 20. Rd3 Qa7 21. Bxf8 Kxf8 22. Rfd1 Bc6 23. Bf3 Qb7 24. Rd8+ Ke7 25. R8d7+ Qxd7 26. Rxd7+ Kxd7 27. Kg1 f5 28. Kf2 e4 29. Be2 Kd6 30. g3 Kc5 31. Ke3 e5 32. b4+ Kd6 33. Na2 g5 34. h3 f4+ 35. gxf4 exf4+ 36. Kf2 Ke5 37. c3 Bd5 38. Nc1 Bf7 39. a4 Be6 40. axb5 axb5 41. Bg4 h5 42. Bxe6 Kxe6 43. Ne2 Ke5 44. Nd4 g4 45. hxg4 hxg4 46. Nxb5 e3+ 47. Ke2 Ke4 48. Nd6+ Ke5 49. Nc4+ Ke4 50. Nd6+ Ke5 51. Nf7+ Kf5 52. Nh6+ Kg5 53. Nxg4 Kxg4 54. b5 Kg3 55. b6 f3+ 56. Kxe3 f2 57. b7 f1=Q 58. b8=Q+ Kg2 59. Qg8+ Kh3 60. Qh7+ Kg2 61. Qg6+ Kh2 62. Qh5+ Qh3+ 63. Qxh3+ 1-0


[Site "https://www.chess.com"]

[Event "Titled Tuesday Blitz April 4 Late 2023"]
[White "Skaric, Djuro"]
[Black "Michalski, Olaf"]
[WhiteFideId "934569"]
[BlackFideId "1106740"]
[WhiteElo "2282"]
[BlackElo "2173"]
[Result "1-0"]
[Round "06"]
[TimeControl "180+2"]
[Date "2023.04.04"]
[WhiteClock "0:01:58"]
[BlackClock "0:00:04"]

1. g3 d6 2. Bg2 e5 3. d3 f5 4. Nc3 Nf6 5. Nf3 Be7 6. O-O O-O 7. e4 Qe8 8. exf5 Bxf5 9. Nh4 Bc8 10. f4 Bg4 11. Qe1 Nc6 12. h3 Bd7 13. fxe5 Nxe5 14. Nf5 Bc6 15. d4 Bxg2 16. Kxg2 Ng6 17. h4 Qc6+ 18. d5 Nxd5 19. Qe6+ Rf7 20. Qxd5 Qxd5+ 21. Nxd5 Bf8 22. Bf4 c6 23. Nde3 d5 24. h5 Nxf4+ 25. Rxf4 g6 26. hxg6 hxg6 27. Rg4 Bc5 28. Rxg6+ Kf8 29. Rh1 1-0


[Site "https://www.chess.com"]

[Event "Titled Tuesday Blitz April 4 Late 2023"]
[White "Garrido, Denis"]
[Black "Tarnowska, Aleksandra"]
[WhiteFideId "601217"]
[BlackFideId "1180967"]
[WhiteElo "2340"]
[BlackElo "1776"]
[Result "1-0"]
[Round "06"]
[TimeControl "180+2"]
[Date "2023.04.04"]
[WhiteClock "0:00:43"]
[BlackClock "0:00:01"]

1. e4 c5 2. Nf3 e6 3. d4 cxd4 4. Nxd4 a6 5. c4 Nf6 6. Nc3 Bb4 7. e5 Qa5 8. exf6 Bxc3+ 9. bxc3 Qxc3+ 10. Bd2 Qxd4 11. fxg7 Qxg7 12. Rc1 d6 13. Bc3 e5 14. Qf3 Nc6 15. Be2 h5 16. h3 Be6 17. O-O f5 18. Rfd1 Rd8 19. Rb1 Bc8 20. Rb6 Qg6 21. c5 Ke7 22. cxd6+ Rxd6 23. Rxd6 Qxd6 24. Bb4 Nxb4 25. Rxd6 Kxd6 26. Qa3 a5 27. Qc3 Nd5 28. Qxa5 Bd7 29. Qa3+ Ke6 30. Qg3 Rf8 31. Bc4 Bc6 32. Qg6+ Rf6 33. Qxh5 e4 34. h4 Ke5 35. Qe2 Ke6 36. h5 Rh6 37. f3 Ke5 38. g4 fxg4 39. fxg4 Rf6 40. g5 Rf5 41. Qh2+ 1-0


[Site "https://www.chess.com"]

[Event "Titled Tuesday Blitz April 4 Late 2023"]
[White "Stachanczyk, Jacek"]
[Black "Pirvulescu, Ekaterina"]
[WhiteFideId "1116657"]
[BlackFideId "13506374"]
[WhiteElo "2084"]
[BlackElo "2006"]
[Result "1-0"]
[Round "06"]
[TimeControl "180+2"]
[Date "2023.04.04"]
[WhiteClock "0:00:26"]
[BlackClock "0:00:09"]

1. e4 Nf6 2. e5 Nd5 3. d4 d6 4. Nf3 dxe5 5. Nxe5 c6 6. c4 Nb6 7. a4 g6 8. a5 N6d7 9. Nf3 Bg7 10. h3 O-O 11. Nc3 e5 12. Be3 exd4 13. Bxd4 Re8+ 14. Be2 Nf6 15. O-O Be6 16. b3 Na6 17. Qc1 Qe7 18. Re1 Qb4 19. Qg5 Nh5 20. Qc1 Nc5 21. Na2 Qxe1+ 22. Qxe1 Nxb3 23. Bxg7 Nxg7 24. Rb1 Nc5 25. Qb4 b6 26. Nd4 Bd7 27. Bf3 Nd3 28. Qc3 Ne5 29. Nc1 Rab8 30. axb6 axb6 31. Nd3 c5 32. Nxe5 cxd4 33. Qxd4 Bf5 34. Rxb6 Rxb6 35. Qxb6 Rxe5 36. c5 Ne6 37. Qb8+ Kg7 38. Qxe5+ 1-0


[Site "https://www.chess.com"]

[Event "Titled Tuesday Blitz April 4 Late 2023"]
[White "Tyagi, Kushan"]
[Black "Oliveira, Tiago Batista"]
[WhiteFideId "2040069"]
[BlackFideId "2108291"]
[WhiteElo "2313"]
[BlackElo "1962"]
[Result "0-1"]
[Round "06"]
[TimeControl "180+2"]
[Date "2023.04.04"]
[WhiteClock "0:00:05"]
[BlackClock "0:00:06"]

1. d4 Nf6 2. c4 g6 3. Nc3 d5 4. cxd5 Nxd5 5. e4 Nxc3 6. bxc3 Bg7 7. Nf3 c5 8. Rb1 O-O 9. Be2 cxd4 10. cxd4 Nc6 11. Be3 Qa5+ 12. Qd2 Qxd2+ 13. Kxd2 Rd8 14. d5 e6 15. Bc4 Na5 16. Kd3 Nxc4 17. Kxc4 exd5+ 18. exd5 b5+ 19. Kxb5 Rxd5+ 20. Kc6 Be6 21. Rhd1 Ra5 22. Kb7 Re8 23. Rbc1 Rb5+ 24. Kc6 Rb2 25. a4 Rc8+ 26. Kd6 Rd8+ 27. Ke7 Ra8 28. Rd8+ Rxd8 29. Kxd8 Rb7 30. a5 Rd7+ 31. Ke8 Bf6 0-1


[Site "https://www.chess.com"]

[Event "Titled Tuesday Blitz April 4 Late 2023"]
[White "Kohler, Aran"]
[Black "Steenbekkers, Franck"]
[WhiteFideId "1002856"]
[BlackFideId "1004220"]
[WhiteElo "2292"]
[BlackElo "1948"]
[Result "1-0"]
[Round "06"]
[TimeControl "180+2"]
[Date "2023.04.04"]
[WhiteClock "0:01:56"]
[BlackClock "0:02:05"]

1. e4 c5 2. Nc3 Nc6 3. f4 g6 4. a3 Bg7 5. Nf3 e6 6. Bc4 Nge7 7. d3 d5 8. Ba2 O-O 9. O-O Rb8 10. Qe1 b5 11. f5 d4 12. Ne2 exf5 13. Bf4 Rb6 14. Qh4 fxe4 15. Ng5 h6 16. Nxf7 g5 17. Nxd8+ 1-0


[Site "https://www.chess.com"]

[Event "Titled Tuesday Blitz April 4 Late 2023"]
[White "olga-belka"]
[Black "Vargas, Mauricio"]
[BlackFideId "4404572"]
[WhiteElo "2289"]
[BlackElo "1998"]
[Result "1-0"]
[Round "06"]
[TimeControl "180+2"]
[Date "2023.04.04"]
[WhiteClock "0:00:46"]
[BlackClock "0:00:04"]

1. e4 c5 2. Nf3 d6 3. Bb5+ Nd7 4. O-O a6 5. Bd3 g6 6. c3 Bg7 7. a4 b6 8. Bc2 Bb7 9. d4 cxd4 10. cxd4 Rc8 11. Nc3 Bf6 12. Re1 Bg7 13. Bf4 Ngf6 14. e5 dxe5 15. dxe5 Nh5 16. Bg5 h6 17. Bh4 Nf4 18. Bg3 Ne6 19. Nd4 Nxd4 20. Qxd4 O-O 21. Qh4 Rc5 22. e6 Nf6 23. exf7+ Rxf7 24. Bxg6 Rf8 25. Rad1 Qc8 26. Rxe7 Qc6 27. f3 Rxc3 28. bxc3 Qc5+ 29. Bf2 Qxe7 30. Bxb6 Rd8 31. Rxd8+ Qxd8 32. Bxd8 Nd5 33. Qc4 Kf8 34. Be4 1-0


[Site "https://www.chess.com"]

[Event "Titled Tuesday Blitz April 4 Late 2023"]
[White "Jiganchine, Roman"]
[Black "tandercat"]
[WhiteFideId "2603667"]
[WhiteElo "2290"]
[BlackElo "1934"]
[Result "1-0"]
[Round "06"]
[TimeControl "180+2"]
[Date "2023.04.04"]
[WhiteClock "0:00:18"]
[BlackClock "0:00:01"]

1. e4 c5 2. Nf3 Nc6 3. Bb5 g6 4. O-O Bg7 5. Re1 Nf6 6. e5 Nd5 7. Nc3 Nxc3 8. dxc3 O-O 9. h3 Qc7 10. Bf4 Qb6 11. Bxc6 dxc6 12. Qc1 Be6 13. b3 Rfd8 14. Bh6 Qb5 15. c4 Qa5 16. Bxg7 Kxg7 17. Qg5 Qc7 18. a4 h6 19. Qe3 Rd7 20. Qxc5 b6 21. Qe3 c5 22. Rad1 Rad8 23. Rxd7 Rxd7 24. Qc3 Kh7 25. Nd2 Qd8 26. Ne4 Rd4 27. Ng3 Qd7 28. Qf3 a5 29. Kh2 Rd2 30. Re2 Kg7 31. Qe4 Rd4 32. Qe3 Bf5 33. f4 e6 34. Nxf5+ gxf5 35. Rf2 Re4 36. Qg3+ Kh7 37. Qh4 Rd4 38. Qf6 1-0


[Site "https://www.chess.com"]

[Event "Titled Tuesday Blitz April 4 Late 2023"]
[White "Winkels, Marcel"]
[Black "Zampronha, Wladimir Camilo"]
[WhiteFideId "1003887"]
[BlackFideId "2103087"]
[WhiteElo "1900"]
[BlackElo "2176"]
[Result "0-1"]
[Round "06"]
[TimeControl "180+2"]
[Date "2023.04.04"]
[WhiteClock "0:01:11"]
[BlackClock "0:02:07"]

1. d4 Nf6 2. Nc3 d5 3. Bf4 a6 4. e3 e6 5. g4 c5 6. g5 cxd4 7. exd4 Nfd7 8. Nf3 Qb6 9. Qd2 Qxb2 10. Rb1 Qa3 11. Rb3 Qa5 12. Bd3 Nc6 13. O-O Be7 14. Qe3 O-O 15. Ne5 Ndxe5 16. Bxe5 Nxe5 17. dxe5 Qc7 18. f4 Bc5 0-1


[Site "https://www.chess.com"]

[Event "Titled Tuesday Blitz April 4 Late 2023"]
[White "Lock, Gavin R"]
[Black "Bacallao Alonso, Yusnel"]
[WhiteFideId "408646"]
[BlackFideId "3507416"]
[WhiteElo "2104"]
[BlackElo "2561"]
[Result "0-1"]
[Round "06"]
[TimeControl "180+2"]
[Date "2023.04.04"]
[WhiteClock "0:00:09"]
[BlackClock "0:00:08"]

1. e4 c6 2. d4 d5 3. exd5 cxd5 4. Bd3 Nc6 5. c3 Qc7 6. h3 g6 7. Nf3 Bf5 8. O-O Nf6 9. Re1 Bxd3 10. Qxd3 Bg7 11. Be3 O-O 12. Nbd2 Rab8 13. a4 e6 14. g3 Rbc8 15. Bf4 Qd8 16. Kg2 Nd7 17. h4 h6 18. Nf1 Nf6 19. Ne5 Nxe5 20. Bxe5 h5 21. Nd2 Ng4 22. Bxg7 Kxg7 23. a5 Qf6 24. Qf3 Qf5 25. Qxf5 gxf5 26. Nb3 Nf6 27. Nc5 Rc7 28. f3 Nd7 29. Nd3 Kh6 30. Kf2 Rg8 31. Ra3 Kg7 32. Rb3 Rgc8 33. Nf4 Nf6 34. Ra1 Kh6 35. Ra4 Ne8 36. Nd3 Nd6 37. Nc5 Re8 38. Rab4 Ree7 39. Ra4 f6 40. Ra1 e5 41. Nd3 f4 42. gxf4 e4 43. Nc5 e3+ 44. Ke2 Nc4 45. Rg1 b6 46. axb6 axb6 47. Nd3 Rg7 48. Rxg7 Rxg7 49. Nb4 Rg2+ 50. Ke1 Rg1+ 51. Ke2 Rg2+ 52. Ke1 Nd2 53. Ra3 Nxf3+ 54. Kf1 Rf2# 0-1


[Site "https://www.chess.com"]

[Event "Titled Tuesday Blitz April 4 Late 2023"]
[White "Briscoe, Chris"]
[Black "Matute Escobar, Roxanny"]
[WhiteFideId "408360"]
[BlackFideId "3926028"]
[WhiteElo "2111"]
[BlackElo "1844"]
[Result "1/2-1/2"]
[Round "06"]
[TimeControl "180+2"]
[Date "2023.04.04"]
[WhiteClock "0:00:04"]
[BlackClock "0:00:19"]

1. h4 Nf6 2. Rh3 d5 3. Rd3 c5 4. c4 d4 5. e3 Bf5 6. Rb3 Qc7 7. exd4 cxd4 8. Nf3 Nc6 9. Bd3 Bg4 10. Na3 a6 11. Be2 e5 12. Nxd4 Nxd4 13. Bxg4 Nxb3 14. axb3 Nxg4 15. Qxg4 Rd8 16. Nc2 Qc6 17. d4 exd4 18. Nxd4 Bb4+ 19. Kf1 Qf6 20. Be3 O-O 21. Kg1 Bc5 22. Nf5 Bxe3 23. Nxe3 Qxb2 24. Ra5 Rd2 25. Nf5 b6 26. Ne7+ Kh8 27. Rh5 Qb1+ 28. Kh2 Rxf2 29. Nf5 Rxf5 30. Rxf5 Qb2 31. Rxf7 Qe5+ 32. Kh3 Qe3+ 33. Rf3 Qc5 34. Rxf8+ Qxf8 35. Qg3 b5 36. Qc7 bxc4 37. bxc4 h6 38. c5 Qf5+ 39. Kh2 Qg4 40. c6 Qxh4+ 41. Kg1 Qe1+ 42. Kh2 Qh4+ 43. Kg1 Qe1+ 44. Kh2 Qh4+ 1/2-1/2


[Site "https://www.chess.com"]

[Event "Titled Tuesday Blitz April 4 Late 2023"]
[White "Vujcic, Milena"]
[Black "Hartikainen, Jarmo"]
[WhiteFideId "954748"]
[BlackFideId "503134"]
[WhiteElo "1882"]
[BlackElo "2052"]
[Result "1-0"]
[Round "06"]
[TimeControl "180+2"]
[Date "2023.04.04"]
[WhiteClock "0:01:48"]
[BlackClock "0:00:27"]

1. e4 c5 2. Nf3 Nc6 3. d4 cxd4 4. Nxd4 Nf6 5. Nc3 d6 6. Bg5 e6 7. Qd2 a6 8. O-O-O Bd7 9. f4 h6 10. Bh4 g5 11. fxg5 Ng4 12. Nxc6 Bxc6 13. Be2 Ne5 14. Rhf1 hxg5 15. Bxg5 Qxg5 16. Qxg5 Bh6 17. Qxh6 Rxh6 18. Rxd6 Rxh2 19. Bf3 Rd8 20. Rxd8+ Kxd8 21. Nd1 Bb5 22. Rf2 Rh1 23. Kd2 Nc4+ 24. Kc3 Ke7 25. a4 1-0


[Site "https://www.chess.com"]

[Event "Titled Tuesday Blitz April 4 Late 2023"]
[White "Erigaisi Arjun"]
[Black "Indjic, Aleksandar"]
[WhiteFideId "35009192"]
[BlackFideId "911925"]
[WhiteElo "2737"]
[BlackElo "2614"]
[Result "1-0"]
[Round "07"]
[TimeControl "180+2"]
[Date "2023.04.04"]
[WhiteClock "0:00:05"]
[BlackClock "0:00:06"]

1. b3 d5 2. Bb2 Bg4 3. f3 Bc8 4. d4 Nf6 5. Nc3 c5 6. e4 cxd4 7. Qxd4 Nc6 8. Bb5 a6 9. Bxc6+ bxc6 10. O-O-O e6 11. Nh3 Be7 12. Na4 Rb8 13. a3 O-O 14. g4 Qc7 15. g5 Ne8 16. Qd2 e5 17. Nf2 d4 18. f4 c5 19. fxe5 Bd7 20. Nxc5 Bxc5 21. Kb1 Be6 22. Nd3 Bb6 23. Qf2 Qe7 24. a4 Qxg5 25. Ba3 Qe3 26. Qg2 Bh3 27. Qg3 Qxg3 28. hxg3 Bg4 29. Rdf1 Nc7 30. Bxf8 Rxf8 31. Rf4 h5 32. Rf2 Ne6 33. Kb2 Ng5 34. Re1 Re8 35. b4 Nf3 36. Ref1 Ng5 37. a5 Ba7 38. Ka3 Nxe4 39. Rxf7 Bb8 40. Rb7 Nxg3 41. Rff7 Nf5 42. e6 Bd6 43. Nf2 Ne7 44. Ne4 Bxe6 45. Nxd6 Bxf7 46. Nxe8 Nf5 47. Rb8 Kh7 48. b5 h4 49. bxa6 h3 50. a7 Bd5 51. Nc7 Bg2 52. a8=Q Bxa8 53. Nxa8 h2 54. Rb1 Ng3 55. a6 g5 56. a7 Nf1 57. Rxf1 g4 58. Nc7 g3 59. a8=Q g2 60. Qxg2 1-0


[Site "https://www.chess.com"]

[Event "Titled Tuesday Blitz April 4 Late 2023"]
[White "Naroditsky, Daniel"]
[Black "Maghsoodloo, Parham"]
[WhiteFideId "2026961"]
[BlackFideId "12539929"]
[WhiteElo "2633"]
[BlackElo "2647"]
[Result "0-1"]
[Round "07"]
[TimeControl "180+2"]
[Date "2023.04.04"]
[WhiteClock "0:00:01"]
[BlackClock "0:00:05"]

1. d4 Nf6 2. Nc3 d5 3. Bf4 a6 4. e3 Bf5 5. Nf3 h6 6. Bd3 Bxd3 7. cxd3 e6 8. Qb3 Ra7 9. Rc1 Bd6 10. Qa4+ Nc6 11. Ne5 Bxe5 12. Bxe5 O-O 13. Bg3 Nh5 14. Ne2 Nxg3 15. hxg3 Ra8 16. Rh5 Re8 17. Nf4 Qd6 18. Kf1 Rac8 19. Kg1 Nb8 20. g4 Nd7 21. g5 hxg5 22. Rxg5 c6 23. Qd1 e5 24. dxe5 Rxe5 25. Qg4 Rxg5 26. Qxg5 Re8 27. d4 Nf6 28. Nh5 Nxh5 29. Qxh5 Qb4 30. Rb1 Re6 31. a3 Qd6 32. g3 Rf6 33. Kg2 Qe6 34. Qe5 Qxe5 35. dxe5 Re6 36. f4 f6 37. exf6 Rxe3 38. fxg7 c5 39. Rd1 d4 40. b4 b6 41. bxc5 bxc5 42. Rc1 Rc3 43. Re1 d3 44. Re7 Rc4 45. f5 Rd4 46. f6 Rd8 47. Re1 d2 48. Rd1 c4 49. g4 c3 50. g5 c2 51. Rf1 d1=Q 52. g6 Qxf1+ 0-1


[Site "https://www.chess.com"]

[Event "Titled Tuesday Blitz April 4 Late 2023"]
[White "Sargsyan, Shant"]
[Black "Chigaev, Maksim"]
[WhiteFideId "13306766"]
[BlackFideId "4108116"]
[WhiteElo "2628"]
[BlackElo "2547"]
[Result "1-0"]
[Round "07"]
[TimeControl "180+2"]
[Date "2023.04.04"]
[WhiteClock "0:00:42"]
[BlackClock "0:00:13"]

1. Nf3 d5 2. d4 Nf6 3. c4 e6 4. Nc3 c6 5. Bg5 h6 6. Bxf6 Qxf6 7. e3 Nd7 8. Be2 g6 9. O-O Bg7 10. cxd5 exd5 11. b4 O-O 12. b5 Qd6 13. Qb3 Nb6 14. Rfc1 Be6 15. a4 Rab8 16. Nd2 Rfc8 17. a5 Nd7 18. Nf3 c5 19. Qa3 b6 20. axb6 axb6 21. h3 Qf8 22. Na4 Ra8 23. Qb3 Qd6 24. Nc3 cxd4 25. Rxa8 Rxa8 26. Nxd4 Nc5 27. Qd1 Kh7 28. Bf3 Rd8 29. Nce2 Be5 30. Ra1 Rd7 31. Ra8 Rc7 32. Nxe6 fxe6 33. g3 Bg7 34. h4 Rf7 35. Nf4 Be5 36. h5 Bxf4 37. hxg6+ Kxg6 38. Bh5+ Kg7 39. exf4 Re7 1-0


[Site "https://www.chess.com"]

[Event "Titled Tuesday Blitz April 4 Late 2023"]
[White "Durarbayli, Vasif"]
[Black "Andreikin, Dmitry"]
[WhiteFideId "13402935"]
[BlackFideId "4158814"]
[WhiteElo "2551"]
[BlackElo "2736"]
[Result "0-1"]
[Round "07"]
[TimeControl "180+2"]
[Date "2023.04.04"]
[WhiteClock "0:00:03"]
[BlackClock "0:01:11"]

1. e4 e6 2. d4 d5 3. e5 c5 4. c3 Nc6 5. Nf3 Qb6 6. Be2 cxd4 7. cxd4 Nge7 8. Na3 Nf5 9. Nc2 Bd7 10. O-O Rc8 11. g4 Nfe7 12. Rb1 h5 13. h3 Ng6 14. b4 hxg4 15. hxg4 Qd8 16. Bg5 Be7 17. Be3 Qc7 18. Bd3 Ncxe5 19. dxe5 Ba4 20. Rc1 Nxe5 21. Bf4 Bd6 22. Bxe5 Bxe5 23. Qe2 Bb2 24. Rb1 Bxc2 25. Bxc2 Qf4 26. Ba4+ Kf8 27. Rfd1 Qxg4+ 0-1


[Site "https://www.chess.com"]

[Event "Titled Tuesday Blitz April 4 Late 2023"]
[White "Fedoseev, Vladimir"]
[Black "Li, Ruifeng"]
[WhiteFideId "24130737"]
[BlackFideId "2061074"]
[WhiteElo "2752"]
[BlackElo "2441"]
[Result "1-0"]
[Round "07"]
[TimeControl "180+2"]
[Date "2023.04.04"]
[WhiteClock "0:00:10"]
[BlackClock "0:00:07"]

1. b3 b6 2. Bb2 Bb7 3. Nc3 Nf6 4. d4 e6 5. a3 c5 6. e3 d6 7. Nf3 Nbd7 8. Bd3 a6 9. O-O Qc7 10. a4 Be7 11. Re1 O-O 12. e4 cxd4 13. Nxd4 Rfe8 14. Re3 Bf8 15. Qe2 g6 16. f4 e5 17. fxe5 dxe5 18. Nf3 Ng4 19. Kh1 Bh6 20. Nd1 Nc5 21. Nd2 Nxe3 22. Nxe3 Rad8 23. Bc4 Rxd2 24. Qxd2 Nxe4 25. Qe2 Nd6 26. Nd5 Qd8 27. Rf1 Nxc4 28. Nf6+ Kf8 29. Qxc4 Re6 30. Qh4 Qd2 31. Rg1 Kg7 32. Ng4 Bf4 33. Ba3 h5 34. Nf2 Be3 35. Rf1 Bg5 36. Qg3 Bf4 37. Qd3 Qxd3 38. Nxd3 Bg5 39. Re1 e4 40. Bb2+ Kh7 41. Nb4 f5 42. Rd1 Be7 43. Rd7 Kh6 44. Bc1+ e3 45. Nd3 Bc6 46. Ra7 g5 47. Kg1 e2 48. Kf2 Bc5+ 49. Ke1 Bd4 50. Bd2 Bxg2 51. h4 f4 52. hxg5+ Kxg5 53. Nxf4 Bf2+ 54. Kxf2 e1=Q+ 55. Bxe1 Kxf4 56. Bd2+ Kg4 57. Rg7+ Kh3 58. Rxg2 Rf6+ 59. Kg1 Rc6 60. Rh2+ Kg4 61. Be3 Kf3 62. Bd4 Rd6 63. c3 Kg4 64. Rg2+ Kf3 65. b4 Re6 66. Rf2+ Kg3 67. Rg2+ Kf3 68. Rg5 h4 69. Kh2 Ke2 70. Kh3 Kd3 71. Kxh4 Kc4 72. a5 bxa5 73. Rxa5 Rg6 74. Kh5 Re6 75. Kg5 Rc6 76. Rc5+ Rxc5+ 77. bxc5 Kb5 78. Kf4 a5 79. Ke4 a4 80. c4+ Kc6 81. Kd3 a3 82. Kc2 a2 83. Kb2 1-0


[Site "https://www.chess.com"]

[Event "Titled Tuesday Blitz April 4 Late 2023"]
[White "Kravtsiv, Martyn"]
[Black "Sadhwani, Raunak"]
[WhiteFideId "14113147"]
[BlackFideId "35093487"]
[WhiteElo "2695"]
[BlackElo "2631"]
[Result "1-0"]
[Round "07"]
[TimeControl "180+2"]
[Date "2023.04.04"]
[WhiteClock "0:00:34"]
[BlackClock "0:00:02"]

1. e4 d6 2. d4 g6 3. Nc3 Bg7 4. f4 a6 5. Nf3 b5 6. Bd3 Bb7 7. e5 Nd7 8. a4 b4 9. Ne4 Nh6 10. O-O O-O 11. c3 bxc3 12. bxc3 c5 13. Qe2 Qc7 14. e6 Nb6 15. Neg5 f6 16. Nxh7 Kxh7 17. f5 cxd4 18. fxg6+ Kg8 19. Nxd4 Qxc3 20. Bxh6 Qxd4+ 21. Be3 Qh4 22. Bxb6 f5 23. Rab1 Be5 24. g3 Bxg3 25. Be3 Bd5 26. Bxf5 Rf6 27. Rbd1 Bb7 28. Rd4 Qh8 29. g7 1-0


[Site "https://www.chess.com"]

[Event "Titled Tuesday Blitz April 4 Late 2023"]
[White "Kramnik, Vladimir"]
[Black "Yeletsky, Ivan"]
[WhiteFideId "4101588"]
[BlackFideId "24180327"]
[WhiteElo "2712"]
[BlackElo "2422"]
[Result "1-0"]
[Round "07"]
[TimeControl "180+2"]
[Date "2023.04.04"]
[WhiteClock "0:01:55"]
[BlackClock "0:00:58"]

1. e4 c5 2. Nf3 d6 3. d4 cxd4 4. Nxd4 Nf6 5. Nc3 a6 6. a3 e5 7. Nf5 d5 8. Bg5 d4 9. Bxf6 gxf6 10. Nb1 Bxf5 11. exf5 Qd5 12. Qh5 Qe4+ 13. Kd1 d3 14. Nd2 dxc2+ 15. Kc1 Qe1+ 16. Kxc2 Qxf2 17. Bc4 Kd8 18. Rad1 Nc6 19. Kb1 Kc7 20. Ne4 Qb6 21. Nxf6 1-0


[Site "https://www.chess.com"]

[Event "Titled Tuesday Blitz April 4 Late 2023"]
[White "Alekseenko, Kirill"]
[Black "Urazayev, Arystanbek"]
[WhiteFideId "4135539"]
[BlackFideId "13709810"]
[WhiteElo "2683"]
[BlackElo "2449"]
[Result "1-0"]
[Round "07"]
[TimeControl "180+2"]
[Date "2023.04.04"]
[WhiteClock "0:01:25"]
[BlackClock "0:00:42"]

1. d4 Nf6 2. Nc3 d5 3. Bf4 e6 4. Nb5 Bb4+ 5. c3 Ba5 6. e3 a6 7. Na3 O-O 8. Nf3 Qe7 9. Nb1 c6 10. Nbd2 Bc7 11. Bd3 c5 12. Bxc7 Qxc7 13. Ne5 Nfd7 14. f4 Nxe5 15. fxe5 f5 16. exf6 Rxf6 17. Qh5 g6 18. Qh4 Nd7 19. O-O-O cxd4 20. exd4 Qf4 21. g4 Qe3 22. Bc2 Qf2 23. Qh3 Qf4 24. Rdf1 Qg5 25. Qg3 Nf8 26. h4 Rxf1+ 27. Rxf1 Qh6 28. g5 Qg7 29. Nf3 Bd7 30. Ne5 Be8 31. Ng4 Nd7 32. Qd6 Nf8 33. Nh6+ 1-0


[Site "https://www.chess.com"]

[Event "Titled Tuesday Blitz April 4 Late 2023"]
[White "Timmermans, Mark"]
[Black "Kollars, Dmitrij"]
[WhiteFideId "1026399"]
[BlackFideId "12909572"]
[WhiteElo "2460"]
[BlackElo "2584"]
[Result "1-0"]
[Round "07"]
[TimeControl "180+2"]
[Date "2023.04.04"]
[WhiteClock "0:01:04"]
[BlackClock "0:00:07"]

1. e4 e5 2. Nf3 Nc6 3. d4 exd4 4. Bc4 Nf6 5. O-O Nxe4 6. Nc3 Nxc3 7. bxc3 d5 8. Bd3 Be7 9. cxd4 O-O 10. c3 Bg4 11. Bf4 Re8 12. Rb1 Rb8 13. Re1 Bh5 14. h3 Bg6 15. Rb2 Bxd3 16. Qxd3 Qd7 17. Rbe2 h6 18. a4 a6 19. Re3 Bd6 20. Rxe8+ Rxe8 21. Rxe8+ Qxe8 22. Bxd6 cxd6 23. Qb1 Na5 24. Qb6 Qxa4 25. Qxd6 Qa1+ 26. Kh2 Qxc3 27. Qxd5 Nc6 28. Qd7 Qb4 29. d5 Ne7 30. Qe8+ Kh7 31. Qxf7 Qd6+ 32. Kg1 Nxd5 33. Qxb7 a5 34. Nd4 Qe5 35. Qb1+ Kh8 36. Nc6 Qc7 37. Qb5 Nc3 38. Qc5 Ne4 39. Qf8+ Kh7 40. Qf5+ g6 41. Qxe4 Qd6 42. Qa4 Qc5 43. Nxa5 Qc1+ 44. Kh2 Qf4+ 45. Qxf4 1-0


[Site "https://www.chess.com"]